 Dungeon Crawl Stone Soup version 0.22-a0-388-g09e6169 (webtiles) character file.

966 Kairos the Chopper (level 8, -1/42 HPs)
             Began as a Vine Stalker Fighter on Apr 29, 2018.
             Was an Initiate of Okawaru.
             Slain by erloom's ghost (22 damage)
             ... on level 5 of the Dungeon.
             The game lasted 00:08:02 (3711 turns).

Kairos the Chopper (Vine Stalker Fighter)           Turns: 3711, Time: 00:08:02

Health: -1/42      AC:  7    Str: 22    XL:     8   Next: 15%
Magic:  0/9        EV:  8    Int:  8    God:    Okawaru [......]
Gold:   261        SH: 10    Dex: 13    Spells: 7/7 levels left

rFire    . . .     SeeInvis +   a - +3 war axe
rCold    . . .     Gourm    .   c - +0 shield
rNeg     . . .     Faith    .   b - +0 scale mail
rPois    .         Spirit   +   (no helmet)
rElec    .         Reflect  .   (no cloak)
rCorr    .         Harm     .   (no gloves)
MR       +....                  (no boots)
Stlth    ..........             (no amulet)
HPRegen  0.54/turn              j - ring of see invisible
MPRegen  0.11/turn              (no ring)

@: no status effects
A: fangs 3, regeneration 1, magic shield, antimagic bite, no potion heal 3, rot
immunity
a: Renounce Religion


You were on level 5 of the Dungeon.
You worshipped Okawaru.
Okawaru was noncommittal.
You were not hungry.

You visited 2 branches of the dungeon, and saw 6 of its levels.

You collected 261 gold pieces.

Inventory:

Hand Weapons
 a - a +3 war axe (weapon)
 m - a +2 flail of distortion
Armour
 b - a +0 scale mail (worn)
 c - a +0 shield (worn)
 g - a +0 large shield
 k - a +1 leather armour of positive energy
Jewellery
 j - a ring of see invisible (left hand)
Wands
 d - a wand of flame (21)
Scrolls
 e - 2 scrolls of amnesia
 h - 2 scrolls of teleportation
 o - 2 scrolls of remove curse
 s - a scroll of identify
Potions
 i - 3 potions of curing {unknown}
 l - 2 potions of mutation {unknown}
 n - 3 potions of degeneration {unknown}
 p - a potion of haste {unknown}
 r - a potion of resistance {unknown}
Comestibles
 f - 3 rations


   Skills:
 + Level 3.7 Fighting
 + Level 6.0 Axes
 + Level 4.1 Armour
 + Level 1.2 Dodging
 + Level 1.0 Stealth
 + Level 4.2 Shields
 + Level 0.4 Evocations


You had 7 spell levels left.
You didn't know any spells.

Dungeon Overview and Level Annotations

Branches:
Dungeon (5/15)             Temple (1/1) D:5

Altars:
Ashenzari
Cheibriados
Dithmenos
Elyvilon
Fedhas
Hepliaklqana
Kikubaaqudgha
Makhleb
Nemelex Xobeh
Okawaru
Qazlal
Sif Muna
Trog
Vehumet
Wu Jian
Xom
Zin

Annotations:
D:5 erloom's ghost, novice MiBe


Innate Abilities, Weirdness & Mutations

You have razor-sharp teeth.
Your natural rate of healing is unusually fast.
When hurt, damage is shared between your health and your magic reserves.
Your bite disrupts and absorbs the magic of your enemies.
Potions cannot restore your health.
You are immune to rotting.


Message History

Aiming: Throw Flame
Press: ? - help, Shift-Dir - straight line, f/p - erloom's ghost
Aim: erloom's ghost (lightly damaged)
The puff of flame hits erloom's ghost.
Erloom's ghost is moderately damaged.
Your shield and scale mail prevent you from hitting erloom's ghost.
You bite erloom's ghost, but do no damage.
Erloom's ghost is moderately damaged.
Erloom's ghost hits you!!
Ouch! That really hurt!
You barely miss erloom's ghost. You bite erloom's ghost. You drain its power.
You feel invigorated.
Erloom's ghost is moderately damaged.
You block erloom's ghost's attack.
You hit erloom's ghost.
You bite erloom's ghost, but do no damage.
Erloom's ghost is moderately damaged.
Erloom's ghost hits you!!
Ouch! That really hurt!
You die...

#)..§§...§§....<.##..
#......_§............
#....§§...§§.........
#.#.§§..§§.§#........
#.##§§..§§§##........
######.###§..§§#########..
#.....)####...####.#..##..
#..................#......
#.......#@W..+.....#..<...
#.......#....#.....#......
#.......#..#............##
#####################...##
#...... #...... #......
#...... #......


You could see erloom's ghost.

Vanquished Creatures
  Sigmund (D:4)
  The ghost of Kairos the Shield-Bearer, an amateur VSFi (D:4)
  The ghost of Dargar the Poker, an amateur DsFi (D:3)
  2 ogres
  A crimson imp (D:2)
  A howler monkey (D:4)
  Ijyb (D:3)
  Terence (D:2)
  An iguana (D:4)
  Natasha (thrice) (D:2)
  A worker ant (D:5)
  3 adders
  An ooze (D:1)
  2 dart slugs (D:1)
  2 leopard geckos
  3 orcs
  6 giant cockroaches
  12 goblins
  7 hobgoblins
  6 jackals (D:4)
  8 kobolds
  4 quokkas
  A ball python (D:1)
  4 bats (D:1)
  2 frilled lizards
  5 rats
80 creatures vanquished.

Notes
Turn   | Place    | Note
-------+----------+-------------------------------------------
     0 | D:1      | Kairos the Vine Stalker Fighter began the quest for the Orb.
     0 | D:1      | Reached XP level 1. HP: 11/11 MP: 2/2
    79 | D:1      | Reached XP level 2. HP: 14/16 MP: 3/3
   233 | D:1      | Reached XP level 3. HP: 17/19 MP: 4/4
   283 | D:1      | Reached skill level 2 in Axes
   643 | D:2      | Noticed an ogre
   756 | D:2      | Killed an ogre
   756 | D:2      | Reached skill level 3 in Axes
   756 | D:2      | Gained mutation: Your natural rate of healing is unusually fast. [Vine Stalker growth]
   756 | D:2      | Reached XP level 4. HP: 4/24 MP: 5/5
   756 | D:2      | Reached XP level 5. HP: 5/28 MP: 6/6
   894 | D:2      | Found a deep blue altar of Sif Muna.
   936 | D:2      | Noticed Natasha
   945 | D:2      | Killed Natasha
   964 | D:2      | Found a white marble altar of Elyvilon.
  1068 | D:2      | Noticed Natasha
  1079 | D:2      | Killed Natasha
  1151 | D:2      | Noticed Natasha
  1154 | D:2      | Killed Natasha
  1178 | D:2      | Reached XP level 6. HP: 32/32 MP: 7/7
  1202 | D:2      | Noticed Terence
  1211 | D:2      | Killed Terence
  1211 | D:2      | Reached skill level 4 in Axes
  1586 | D:3      | Noticed Ijyb
  1594 | D:3      | Killed Ijyb
  1864 | D:3      | Noticed Dargar's ghost (amateur DsFi)
  1902 | D:3      | HP: 1/32 [Dargar's ghost (10)]
  2111 | D:3      | Killed Dargar's ghost
  2111 | D:3      | Reached XP level 7. HP: 18/36 MP: 8/8
  2275 | D:4      | Noticed Sigmund
  2279 | D:4      | Killed Sigmund
  2279 | D:4      | Reached skill level 5 in Axes
  2279 | D:4      | Reached skill level 1 in Dodging
  2279 | D:4      | Reached skill level 1 in Stealth
  2481 | D:4      | Noticed Kairos's ghost (amateur VSFi)
  2495 | D:4      | Killed Kairos's ghost
  2495 | D:4      | Gained mutation: You have razor-sharp teeth. [Vine Stalker growth]
  2495 | D:4      | Reached XP level 8. HP: 27/42 MP: 5/9
  2701 | D:5      | Entered Level 5 of the Dungeon
  2715 | D:5      | Found a shadowy altar of Dithmenos.
  2747 | D:5      | Reached skill level 6 in Axes
  2764 | D:5      | Found a staircase to the Ecumenical Temple.
  2804 | Temple   | Entered the Ecumenical Temple
  2959 | Temple   | Became a worshipper of Warmaster Okawaru
  3105 | D:5      | Noticed erloom's ghost (novice MiBe)
  3711 | D:5      | Slain by erloom's ghost

Vault maps used:
D:1:      minmay_arrival_open_corners, grunt_decor_cap
D:2:      lemuel_round_altar, first_ration, minmay_stone_trees_small,
          elyvilon_altar_1, uniq_terence, uniq_natasha
D:3:      serial_forest, infiniplex_forest_straight_2,
          infiniplex_forest_zigzag_1, infiniplex_forest_clump_small,
          infiniplex_forest_lined_2, infiniplex_forest_clump_long,
          infiniplex_forest_end_1, infiniplex_forest_clump_long, uniq_ijyb
D:4:      uniq_sigmund
D:5:      kennysheep_mini_moat, minmay_temple_entry_glass,
          nicolae_dithmenos_the_darkroom
Temple:   eino_temple_scatter_basement

Skill      XL: |  1  2  3  4  5  6  7  8 |
---------------+-------------------------+-----
Shields        | 3 4 |  4.2
Axes           | 3 4 5 6 |  6.0
Fighting       | 3 |  3.7
Armour         | 3 4 |  4.1
Dodging        | 1 |  1.2
Stealth        | 1 |  1.0
Evocations     | |  0.4

Action                   |  1- 3 |  4- 6 |  7- 9 || total
-------------------------+-------+-------+-------++-------
Melee: War axe           |   101 |    78 |    70 ||   249
       Bite              |    30 |    22 |    22 ||    74
Evoke: Wand              |       |     4 |    11 ||    15
  Use: Scroll            |     7 |     2 |       ||     9
       Potion            |     1 |       |       ||     1
  Eat: Chunk             |       |     3 |     3 ||     6
       Ration            |       |       |     1 ||     1
Armor: Scale mail        |    41 |    25 |    13 ||    79
       Chain mail        |       |     2 |       ||     2
Dodge: Dodged            |    37 |    32 |    22 ||    91
Block: Shield            |    61 |    33 |    31 ||   125

Table legend:
 A = Spawn XP
 B = Non-spawn XP
 C = Spawn XP percentage of total XP
 D = Spawn monster count
 E = Non-spawn monster count
 F = Spawn count percentage of total count
 G = Total turns spent on level
                    A         B        C        D         E        F      G
               +---------+---------+-------+---------+---------+-------+---------
         Total |       0 |    1380 |   0.0 |       0 |      80 |   0.0 |  3711
               +---------+---------+-------+---------+---------+-------+---------
           D:1 |       0 |      60 |   0.0 |       0 |      28 |   0.0 |   722
           D:2 |       0 |     339 |   0.0 |       0 |      22 |   0.0 |   679
           D:3 |       0 |     265 |   0.0 |       0 |      13 |   0.0 |   869
           D:4 |       0 |     562 |   0.0 |       0 |      15 |   0.0 |   727
           D:5 |       0 |     154 |   0.0 |       0 |       2 |   0.0 |   371
               +---------+---------+-------+---------+---------+-------+---------
